 Dungeon Crawl Stone Soup version 0.19-a0-749-g66ae36b (webtiles) character file.

668416 HAL9000 the Slayer (level 27, -7/256 HPs)
             Began as a Minotaur Fighter on June 23, 2016.
             Was the Champion of the Shining One.
             Killed from afar by an iron giant (50 damage)
             ... with an iron shot
             ... on level 7 of the Iron City of Dis on June 24, 2016.
             The game lasted 04:32:19 (62652 turns).

HAL9000 the Slayer (Minotaur Fighter)              Turns: 62652, Time: 04:32:20

Health: -7/256     AC: 42    Str: 29    XL:     27
Magic:  36/36      EV: 24    Int:  3    God:    the Shining One [******]
Gold:   3352       SH: 25    Dex: 20    Spells: 5 memorised, 29 levels left

rFire  . . .     SeeInvis +     X - +9 eveningstar (holy) {god gift}
rCold  . . .     Gourm    .     o - +10 shadow dragon armour of Gestures {rElec rPois rF+ Str+2 Stlth++++}
rNeg   + + +     Faith    .     Q - +0 shield of Hopscotch {god gift, rF- MR++ Regen+ SInv}
rPois  +         Spirit   .     A - +2 hat {god gift}
rElec  +         Dismiss  .     Z - +2 cloak {rPois} {god gift}
rCorr  +         Reflect  +     j - +2 pair of gloves {Dex+3}
SustAt +         Harm     .     J - +2 pair of boots {run}
MR     ++++.                    x - brooch of Shielding {Reflect SH+8}
Stlth  ++........               L - ring of resist corrosion
                                K - ring of sustain attributes

@: glowing, quick, incredibly resistant to hostile enchantments, unstealthy
A: retaliatory headbutt, horns 2, dopey 1
a: Divine Shield, Cleansing Flame, Summon Divine Warrior, Renounce Religion
}: 3/15 runes: serpentine, barnacled, silver


You were on level 7 of the Iron City of Dis.
You worshipped the Shining One.
The Shining One was exalted by your worship.
You were not hungry.

You visited 13 branches of the dungeon, and saw 60 of its levels.
You visited 1 ziggurat, and saw 10 of its levels.
You also visited: Labyrinth, Trove and Ice Cave.

You collected 7275 gold pieces.
You spent 3923 gold pieces at shops.

Inventory:

Hand Weapons
 X - a +9 eveningstar of holy wrath (weapon) {god gift}
Missiles
 R - 23 javelins of returning (quivered) {god gift}
 U - 16 throwing nets
Armour
 j - a +2 pair of gloves of dexterity (worn)
 o - the +10 shadow dragon armour of Gestures (worn) {rElec rPois rF+ Str+2 Stlth++++}
   (You bought it in a shop on level 15 of the Dungeon)

   It affects your strength (+2).
   It protects you from fire.
   It insulates you from electricity.
   It protects you from poison.
   It makes you much more stealthy.
 A - a +2 hat (worn) {god gift}
 J - a +2 pair of boots of running (worn)
 Q - the +0 shield of Hopscotch (worn) {god gift, rF- MR++ Regen+ SInv}
   (Okawaru gifted it to you on level 6 of the Lair of Beasts)

   It makes you vulnerable to fire.
   It affects your resistance to hostile enchantments.
   It lets you see invisible.
   It increases your rate of regeneration.
 Z - a +2 cloak of poison resistance (worn) {god gift}
Jewellery
 q - the ring "Quclac" {+Blink rF+ rC+ Int+5}
   (You found it on level 7 of a ziggurat)

   [ring of protection from fire]

   It affects your intelligence (+5).
   It protects you from fire.
   It protects you from cold.
   It lets you blink.
 x - the brooch of Shielding (around neck) {Reflect SH+8}
   (You found it on level 6 of the Lair of Beasts)

   [amulet of reflection]

   It shields you and reflects attacks.
   It affects your SH (+8).
 D - the ring of Springtime {+Inv rC++ MP-9 Dex+2 Stlth+}
   (You took it off a yaktaur captain on level 4 of the Depths)

   [ring of stealth]

   It affects your dexterity (+2).
   It greatly protects you from cold.
   It affects your magic capacity (-9).
   It lets you turn invisible.
   It makes you more stealthy.
 K - a ring of sustain attributes (left hand)
 L - a ring of resist corrosion (right hand)
Wands
 b - a wand of heal wounds (5/9)
 d - a wand of digging (12/24)
 I - a wand of heal wounds (5/9)
 P - a wand of hasting (4/9)
Scrolls
 a - a scroll of silence
 e - 7 scrolls of fog
 f - 7 scrolls of magic mapping
 s - a scroll of fear
 t - 5 scrolls of enchant weapon
 u - 4 scrolls of holy word
 y - 17 scrolls of remove curse
 B - 3 scrolls of blinking
 M - 29 scrolls of teleportation
 S - 3 scrolls of summoning
 T - 18 scrolls of identify
 Y - 2 scrolls of enchant armour
Potions
 h - 4 potions of agility
 i - a potion of resistance
 k - 6 potions of haste
 m - 3 potions of might
 n - a potion of cancellation
 p - 3 potions of magic
 r - 5 potions of berserk rage
 w - 5 potions of ambrosia
 C - a potion of cure mutation
 F - 19 potions of curing
 N - a potion of flight
 V - 7 potions of heal wounds
Miscellaneous
 c - a phantom mirror
 l - a fan of gales
 z - a phial of floods (inert)
 E - a lamp of fire
 G - a disc of storms
 O - a disc of storms
 W - a phial of floods (inert)
Comestibles
 g - 24 bread rations
 v - 8 beef jerkies


   Skills:
 + Level 22.7 Fighting
 + Level 21.5 Maces & Flails
 + Level 12.7 Throwing
 + Level 20.0 Armour
 + Level 19.5 Dodging
 - Level 9.0 Stealth
 + Level 18.2 Shields
 - Level 10.1 Spellcasting
 - Level 10.9 Charms
 - Level 8.5 Translocations
 - Level 12.3 Invocations
 - Level 14.7 Evocations


You had 29 spell levels left.
You knew the following spells:

 Your Spells              Type           Power        Failure   Level  Hunger
a - Cause Fear            Hex            #.........   100%        4    #####..
b - Gell's Gravitas       Hex/Tloc       #.........   34%         3    ###....
c - Silence               Hex/Air        #.........   100%        5    ######.
d - Blink                 Tloc           N/A          2%          2    ###....
R - Regeneration          Chrm/Necr      #.........   24%         3    ###....


Dungeon Overview and Level Annotations

Branches:
Dungeon (15/15)            Temple (1/1) D:4            Lair (6/6) D:9
 Shoals (4/4) Lair:3        Snake (4/4) Lair:2        Slime (4/5) Lair:5
    Orc (2/2) D:9             Elf (3/3) Orc:2        Vaults (5/5) D:13
  Crypt (3/3) Vaults:3       Tomb (0/3) Crypt:3      Depths (5/5) D:15
   Hell (1/1)                 Dis (7/7) Hell            Geh (0/7) Hell
    Coc (0/7) Hell            Tar (0/7) Hell            Zot (0/5) Depths:5

Altars:
Ashenzari
Cheibriados
Dithmenos
Elyvilon
Fedhas
Gozag
Hepliaklqana
Kikubaaqudgha
Nemelex Xobeh
Okawaru
Pakellas
Qazlal
Ru
Sif Muna
Trog
Uskayaw
Vehumet
Xom
Yredelemnul
Zin
The Shining One

Shops:
D:9 ?:(*:   D:15 *[   Orc:2 %?*=   Elf:2 ?(:%[   Shoals:1 [   Vaults:1 !
Vaults:4 %!*%   Depths:1 *

Portals:
Hell: Depths:1 Depths:2 Depths:3 Depths:4 Depths:5
Abyss: Depths:3 Depths:4
Pandemonium: Depths:2 Depths:3 Depths:4

Annotations:
Depths:5 3 runed doors


Innate Abilities, Weirdness & Mutations

You reflexively headbutt those who attack you in melee.
You have a pair of horns on your head.
You are dopey. (Int -2)


Message History

Your iron giant throws the iron giant!
The iron giant throws you!
Unknown command.
You thump the iron giant!
You headbutt the iron giant, but do no damage.
The iron giant is heavily wounded.
You block the rust devil's attack.
Unknown command.
You completely miss the iron giant. You headbutt the iron giant!
The iron giant is heavily wounded.
Your iron giant casts a spell at the iron giant.
The iron shot hits the iron giant.
The iron giant throws you!
* * * LOW HITPOINT WARNING * * *
The stone giant hits you but does no damage.
Unknown command.
You feel much better.
Your iron giant throws the rust devil!
The stone giant hits you!!
* * * LOW HITPOINT WARNING * * *
The iron giant points at you and mumbles some strange words.
The iron shot hits you!
You die...

######'#####.................#..#
...#.))#########.............#..'
...#...#...########..........#:.#
...)...#.......#######.......####
...#####..........#######........
.....................######......
........................#####....
......(.....†(...CC........*##'#.
................@D.C4......#...#.
###..............CZ........#...##
**######......#####........#...#*
,******####...#...#........#####,
,,,,,,****###.#...'............,,
8,8,,,,,,,**###...#............,,
,,,,,,,,,,,,**#...#............,,
,,,,,,,,,,,,,,#..,#............,,
,,,****,,,,,,,###*#............,,


You could see 2 iron giants, an iron dragon, a stone giant, a rust devil, a
human zombie and a friendly iron giant.

Vanquished Creatures
  6 juggernauts
  A caustic shrike (Depths:3)
  Geryon (Hell)
  Jory (Crypt:3)
  5 golden dragons
  7 bone dragons
  A profane servitor (Crypt:3)
  3 iron giants
  2 Brimstone Fiends (Dis:7)
  Jorgrun (Vaults:3)
  10 liches
  A Tzitzimitl (Dis:5)
  A hellephant (Hell)
  2 Ice Fiends
  4 Hell Sentinels (Dis:7)
  5 tentacled monstrosities
  Rupert (D:13)
  A shard shrike skeleton (Crypt:2)
  A pandemonium lord (Zig:1)
  6 deep elf master archers
  2 quicksilver dragons (Dis:7)
  2 Executioners (Dis:7)
  15 titans
  6 acid blobs
  6 deep elf blademasters
  6 sphinxes
  The ghost of tstbtto the Severer, an adept DDFi of Cheibriados (Shoals:2)
  8 ancient champions
  5 storm dragons
  2 revenants
  11 shadow dragons
  10 tengu reavers
  3 azure jellies
  Ilsuiw (Shoals:4)
  Kirke (D:12)
  A balrug (Dis:4)
  A draconian scorcher (Depths:5)
  33 fire giants
  11 deep elf sorcerers
  7 greater nagas
  2 orc warlords (Zig:10)
  4 juggernaut zombies
  A draconian zealot (Zig:5)
  Maud (Orc:1)
  24 frost giants
  Louise (Snake:1)
  2 curse skulls (Crypt:1)
  12 vault wardens
  The ghost of tstbtto the Severer, a journeyman DDFi of Yredelemnul (Lair:6)
  10 iron dragons
  3 spriggan defenders
  8 ghouls
  12 reapers
  7 deep elf elementalists
  A draconian annihilator (Depths:5)
  12 ironheart preservers
  14 war gargoyles (Dis:7)
  18 very ugly things
  The ghost of WhatIsLove the Spry, a journeyman FeEn of Vehumet (Shoals:4)
  2 draconian callers
  31 stone giants
  2 entropy weavers (Depths:4)
  15 vampire knights
  7 deep elf demonologists
  5 green draconians
  11 deep elf annihilators
  A white draconian (Depths:5)
  4 yellow draconians
  4 purple draconians
  5 spark wasps
  2 mottled draconians
  9 red draconians
  8 black draconians
  Snorg (Lair:6)
  3 eidola
  2 death oozes
  10 deep elf death magi
  2 blizzard demons (Hell)
  18 ettins
  3 merfolk javelineers
  A quicksilver dragon zombie (Crypt:3)
  7 yaktaur captains
  13 fire dragons
  2 green deaths
  11 deep elf high priests
  27 jiangshi
  A minotaur (Lab)
  10 merfolk impalers
  Fannar (Orc:1)
  Harold (Orc:1)
  Erolcha (D:13)
  12 ice dragons
  31 vault guards
  9 naga warriors
  5 great orbs of eyes
  2 hell beasts
  A ghost crab (shapeshifter) (Depths:5)
  10 hydras
  An alligator snapping turtle (Shoals:1)
  A monstrous demonspawn (Depths:3)
  9 rakshasas
  9 centaur warriors
  4 merfolk aquamancers
  Erica (D:7)
  3 spriggan air magi (Depths:3)
  11 death knights
  2 satyrs
  13 anacondas
  32 dancing weapons
  16 ogre magi
  5 tengu warriors
  9 vampire magi
  7 spriggan berserkers
  A thrashing horror (Zig:7)
  10 deep troll earth magi
  9 naga sharpshooters
  2 death yaks (Lair:6)
  4 deep troll shamans
  An orc high priest (Zig:10)
  A hell hog (shapeshifter) (Depths:4)
  2 sun demons (Hell)
  28 deep elf knights
  Urug (D:13)
  11 hell knights
  6 iron golems
  A hellephant skeleton (Crypt:1)
  A titan skeleton (Crypt:1)
  4 shock serpents
  The ghost of HAL9000 the Carver, a novice MiCK of Xom (D:8)
  5 large abominations
  6 soul eaters
  39 skeletal warriors
  2 wretched stars
  12 iron trolls
  14 sea snakes
  7 shadow wraiths
  An unseen horror (D:12)
  The ghost of Nico3ck the Blocker, a novice FoFi (D:6)
  36 deep trolls
  A spatial maelstrom (Zig:7)
  5 giant orange brains
  12 flayed ghosts
  A gelid demonspawn (Depths:3)
  6 salamander mystics
  A storm dragon skeleton (Vaults:3)
  8 naga ritualists
  16 ironbrand convokers
  An obsidian statue (Zig:5)
  A giant orange brain (shapeshifter) (Vaults:5)
  2 lindwurms (shapeshifter) (Depths:4)
  6 lindwurms
  8 phantasmal warriors
  Pikel (D:4)
  4 wizards
  21 deep elf archers
  8 hill giants
  2 anaconda skeletons (Hell)
  17 mana vipers
  2 shadow dragon zombies
  A shining eye (Slime:1)
  A frost giant zombie (Dis:7)
  A wolf spider (Vaults:4)
  A wolf spider (shapeshifter) (Depths:5)
  73 deep elf magi
  9 orc knights
  21 harpies
  A stone giant zombie (Depths:1)
  15 griffons
  9 orc sorcerers
  A griffon (shapeshifter) (Depths:2)
  2 hornets (Vaults:2)
  A fire giant zombie (Dis:6)
  An iron dragon zombie (Dis:7)
  2 cyclopes (shapeshifter)
  6 necromancers
  31 ugly things
  13 manticores
  A human zombie (Vaults:3)
  A sixfirhy (Depths:3)
  12 cyclopes
  11 salamanders
  21 fauns
  Maurice (D:8)
  8 sirens
  An elephant (Lair:4)
  An elf zombie (Zig:7)
  Psyche (D:8)
  16 rust devils
  11 guardian serpents
  16 naga magi
  5 water nymphs
  42 black mambas
  3 centaur zombies
  2 shock serpent zombies
  4 dire elephant zombies
  A gargoyle (D:15)
  A guardian serpent (shapeshifter) (Depths:4)
  2 smoke demons
  14 vault sentinels
  11 spiny frogs
  A storm dragon simulacrum (Vaults:3)
  An efreet (D:15)
  6 ice statues
  A black draconian zombie (Dis:7)
  4 hellions
  7 komodo dragons
  7 torpor snails (Lair:6)
  53 yaktaurs
  2 rime drakes (Lair:6)
  6 kobold demonologists
  A catoblepas zombie (Hell)
  16 freezing wraiths
  20 ice devils
  A hellwing (Depths:3)
  8 tormentors
  2 yaktaur skeletons (Depths:1)
  4 anaconda simulacra
  5 tengu conjurers
  A catoblepas skeleton (Crypt:2)
  2 hydra zombies (Hell)
  5 small abominations
  15 trolls
  50 merfolk
  A death drake zombie (Crypt:1)
  2 wind drakes (shapeshifter)
  A jumping spider (Vaults:4)
  10 polar bears
  2 wind drakes (Shoals:4)
  3 meliai (D:14)
  4 red devils
  A merfolk (shapeshifter) (Depths:3)
  A harpy skeleton (D:15)
  8 boulder beetles
  A polar bear (shapeshifter) (Depths:3)
  26 two-headed ogres
  2 giant leeches (Lair:6)
  A tengu simulacrum (Vaults:1)
  5 hydra skeletons
  19 blink frogs
  11 snapping turtles
  2 ettin zombies
  A raiju (shapeshifter) (D:14)
  A human simulacrum (Vaults:1)
  43 slime creatures
  A bog body (Crypt:3)
  An alligator zombie (Dis:5)
  A fire dragon zombie (Dis:4)
  A black mamba zombie (Hell)
  A spriggan (Depths:5)
  7 starcursed masses (Zig:9)
  7 shadows
  4 redbacks (Vaults:4)
  A vampire (D:9)
  53 flying skulls
  50 yaks
  An ice dragon skeleton (Dis:5)
  A tarantella (Vaults:4)
  28 water elementals
  A fire dragon skeleton (Crypt:2)
  A centaur simulacrum (D:15)
  2 dire elephant simulacra (IceCv)
  A hill giant zombie (Crypt:1)
  A tarantella (shapeshifter) (Depths:4)
  3 basilisks
  4 air elementals
  8 fire elementals
  A ynoxinul (Zig:7)
  2 wyverns
  16 wraiths
  A wyvern (shapeshifter) (Depths:5)
  A hog (shapeshifter) (Depths:4)
  3 hogs (D:12)
  A golden eye (Zig:7)
  A neqoxec (Zig:9)
  2 hungry ghosts
  13 hippogriffs
  2 steam dragons
  4 vampire mosquitoes
  An iron troll simulacrum (IceCv)
  A chaos spawn (Depths:3)
  4 mottled dragons
  9 wargs
  A swamp worm (Lair:6)
  2 harpy simulacra (IceCv)
  33 nagas
  A soldier ant (shapeshifter) (Depths:4)
  2 spiny frog zombies (Dis:7)
  A soldier ant (D:13)
  12 water moccasins
  A mottled dragon (shapeshifter) (D:14)
  A hydra simulacrum (IceCv)
  A water moccasin (shapeshifter) (Vaults:4)
  2 gelid demonspawn skeletons
  6 porcupines
  A swamp drake (D:9)
  5 hell hounds
  27 orc warriors
  An ice beast (shapeshifter) (Vaults:2)
  6 ice beasts
  7 black bears (D:12)
  3 snapping turtle zombies
  7 sky beasts
  7 wasps
  A black bear (shapeshifter) (Vaults:5)
  A spiny frog skeleton (Hell)
  5 eyes of draining
  2 eyes of draining (shapeshifter)
  An ettin simulacrum (IceCv)
  2 phantoms
  A fire dragon simulacrum (Depths:1)
  61 ogres
  8 necrophages
  A wolf (D:13)
  13 boggarts
  A spriggan simulacrum (Depths:1)
  9 centaurs
  8 crocodiles
  A salamander zombie (Crypt:2)
  Blork the orc (D:5)
  8 big kobolds
  4 earth elementals
  2 big kobolds (shapeshifter)
  A komodo dragon skeleton (Crypt:2)
  15 giant frogs
  A warg zombie (Crypt:2)
  2 water moccasin skeletons
  3 scorpions
  15 killer bees
  An elf simulacrum (Vaults:3)
  30 wights
  A polar bear skeleton (Crypt:1)
  A snapping turtle simulacrum (Hell)
  11 howler monkeys
  6 electric eels
  12 crimson imps
  3 giant frog zombies
  7 centaur skeletons
  A hound (shapeshifter) (Depths:2)
  4 hounds
  7 jellies
  25 orc wizards
  19 orc priests
  8 iguanas
  18 iron imps
  2 giant frog skeletons
  A demonspawn skeleton (Crypt:1)
  10 worker ants
  11 sheep
  An ogre zombie (Dis:7)
  2 naga zombies
  2 hound zombies
  A mummy (Dis:6)
  4 worker ant zombies
  16 adders
  8 gnolls
  47 river rats
  11 shadow imps
  2 white imps
  3 ufetubi
  An ooze (D:4)
  27 worms
  2 dart slugs
  6 giant geckos
  65 orcs
  4 ball pythons
  6 giant cockroaches
  5 hobgoblins
  2 jackals (D:1)
  26 kobolds
  2 quokkas
  6 bats
  A giant gecko skeleton (D:5)
  A giant newt (D:4)
  11 goblins
  A goblin skeleton (Crypt:2)
  A kobold simulacrum (Crypt:3)
  A kobold zombie (Dis:5)
  An orc zombie (Dis:7)
  2 quokka skeletons
  A quokka zombie (D:8)
  7 rats
  4 crawling corpses
  An eldritch tentacle segment (Dis:5)
  4 plants
2803 creatures vanquished.

Vanquished Creatures (collateral kills)
  An acid blob (Zig:8)
  An orc warlord (Zig:10)
  A deep elf demonologist (Elf:3)
  A crystal guardian (Zig:9)
  3 large abominations (Zig:9)
  2 shining eyes
  A worldbinder (Zig:9)
  An eye of devastation (Zig:8)
  2 smoke demons (Zig:9)
  A hellwing (Zig:9)
  4 slime creatures
  2 ogres
  5 starcursed masses (Zig:9)
  A jelly (Zig:9)
26 creatures vanquished.

Vanquished Creatures (others)
  2 deep elf master archers (Crypt:1)
  An eldritch tentacle (Dis:5)
  A draconian knight (Zig:4)
  A fire giant (Depths:3)
  2 deep elf elementalists (Elf:3)
  A stone giant (Vaults:5)
  Nessos (D:14)
  4 yaktaur captains
  2 centaur warriors
  A dancing weapon (Elf:1)
  A hell hog (Zig:9)
  2 satyrs
  A storm dragon zombie (Crypt:3)
  7 deep elf archers
  2 deep elf magi
  2 cyclopes
  A black mamba (Snake:4)
  A naga mage (Snake:1)
  14 yaktaurs
  A slime creature (Vaults:2)
  A boulder beetle (Vaults:2)
  A human (D:12)
  A water moccasin (shapeshifter) (Depths:4)
  2 ogres
  5 centaurs
  An iron imp (Dis:7)
  An orc wizard (D:12)
  2 white imps
  5 orcs
  3 kobolds
  3 eldritch tentacle segments (Dis:5)
  5 fungi
  19 plants
97 creatures vanquished.

Grand Total: 2926 creatures vanquished

Notes
Turn   | Place    | Note
--------------------------------------------------------------
     0 | D:1      | HAL9000 the Minotaur Fighter began the quest for the Orb.
     0 | D:1      | Reached XP level 1. HP: 19/19 MP: 0/0
   211 | D:1      | Reached XP level 2. HP: 23/26 MP: 1/1
   899 | D:2      | Reached XP level 3. HP: 24/31 MP: 2/2
   944 | D:2      | Reached XP level 4. HP: 25/40 MP: 3/3
  1075 | D:2      | Reached skill level 5 in Maces & Flails
  1146 | D:2      | Reached skill level 1 in Dodging
  1298 | D:3      | Found a basalt altar of Yredelemnul.
  1697 | D:3      | Found a snail-covered altar of Cheibriados.
  2154 | D:4      | Found a white marble altar of Elyvilon.
  2295 | D:4      | Found a glowing drain.
  2311 | D:4      | Reached XP level 5. HP: 42/46 MP: 4/4
  2352 | D:4      | Found a staircase to the Ecumenical Temple.
  2361 | Temple   | Entered the Ecumenical Temple
  2421 | Temple   | Became a worshipper of Warmaster Okawaru
  2460 | D:4      | Found an opulent altar of Gozag.
  2522 | D:4      | Noticed a slave
  2525 | D:4      | Noticed Pikel
  2529 | D:4      | Noticed a slave
  2530 | D:4      | Noticed a slave
  2532 | D:4      | Noticed a slave
  2544 | D:4      | Killed Pikel
  2544 | D:4      | Reached * piety under Okawaru
  2544 | D:4      | Reached skill level 4 in Fighting
  2544 | D:4      | Reached skill level 5 in Armour
  2544 | D:4      | Reached skill level 5 in Shields
  2544 | D:4      | Reached XP level 6. HP: 27/55 MP: 5/5
  2544 | D:4      | Reached XP level 7. HP: 29/60 MP: 6/6
  2768 | D:5      | Entered Level 5 of the Dungeon
  2782 | D:5      | Reached skill level 5 in Fighting
  2889 | D:5      | Found a stormy altar of Qazlal.
  2996 | D:5      | Reached ** piety under Okawaru
  3009 | D:5      | Noticed Blork the orc
  3018 | D:5      | Killed Blork the orc
  3697 | D:6      | Reached XP level 8. HP: 64/69 MP: 7/7
  4130 | D:6      | Reached skill level 6 in Fighting
  4238 | D:6      | Reached *** piety under Okawaru
  4315 | D:6      | Noticed Nico3ck's ghost (novice FoFi)
  4327 | D:6      | Killed Nico3ck's ghost
  4327 | D:6      | Reached skill level 10 in Maces & Flails
  4327 | D:6      | Reached XP level 9. HP: 67/75 MP: 5/8
  4676 | D:7      | Reached **** piety under Okawaru
  5030 | D:7      | Found an ancient bone altar of Kikubaaqudgha.
  5280 | D:7      | Found a hide-covered altar of Uskayaw.
  5664 | D:7      | Noticed a moth of wrath
  5667 | D:7      | Found a bloodstained altar of Trog.
  6228 | D:8      | Noticed Erica
  6231 | D:8      | Noticed HAL9000's ghost (novice MiCK)
  6255 | D:7      | Killed Erica
  6255 | D:7      | Reached skill level 1 in Invocations
  6255 | D:7      | Reached XP level 10. HP: 58/82 MP: 8/10
  6415 | D:8      | Killed HAL9000's ghost
  6429 | D:8      | Noticed Maurice
  6442 | D:8      | Killed Maurice
  6442 | D:8      | Reached ***** piety under Okawaru
  7275 | D:8      | Noticed Psyche
  7289 | D:8      | Killed Psyche
  7501 | D:9      | Found Gesachel's Magic Scroll Emporium.
  7508 | D:9      | Found a sparkling altar of Nemelex Xobeh.
  7541 | D:9      | Found a deep blue altar of Sif Muna.
  7588 | D:9      | Found Udiadeo's Weapon Shoppe.
  7589 | D:9      | Found Nauxuplu's Book Boutique.
  7822 | D:9      | Found a staircase to the Lair.
  8009 | D:9      | Found a sacrificial altar of Ru.
  8100 | D:9      | Found a white marble altar of Elyvilon.
  8336 | D:9      | Reached XP level 11. HP: 88/88 MP: 13/13
  8337 | D:9      | Found Siotodoumn's Assorted Antiques.
  8350 | D:9      | Bought a scroll labeled WYECEGUWKA for 30 gold pieces
  8350 | D:9      | Bought a scroll labeled MAQOST EWKITH for 30 gold pieces
  8386 | D:9      | Found Tackeuc's Book Boutique.
  8403 | D:9      | Found a shadowy altar of Dithmenos.
  8469 | D:9      | You fall through a shaft for 3 floors!
  8469 | D:12     | Noticed a hill giant
  8474 | D:12     | Killed a hill giant
  8542 | D:11     | Found a snail-covered altar of Cheibriados.
  8633 | D:11     | Noticed a four-headed hydra
  8645 | D:11     | Killed a four-headed hydra
  8645 | D:11     | Received a gift from Okawaru
  8645 | D:11     | Reached skill level 10 in Shields
  8693 | D:11     | Reached skill level 10 in Armour
  9414 | D:11     | Reached skill level 7 in Fighting
  9414 | D:11     | Reached skill level 5 in Invocations
  9423 | D:10     | Entered Level 10 of the Dungeon
 10129 | D:9      | Found a staircase to the Orcish Mines.
 10345 | Lair:1   | Entered Level 1 of the Lair of Beasts
 10539 | Lair:1   | Reached skill level 8 in Fighting
 11421 | Lair:2   | Noticed a six-headed hydra
 11442 | Lair:2   | Killed a six-headed hydra
 11442 | Lair:2   | Received a gift from Okawaru
 11442 | Lair:2   | Reached skill level 9 in Fighting
 11442 | Lair:2   | Reached XP level 12. HP: 103/103 MP: 13/16
 11455 | Lair:2   | Got a dazzling eveningstar {god gift}
 11456 | Lair:2   | Identified the +6 eveningstar "Hell-Harrower" {god gift, flame, rN+} (Okawaru gifted it to you on level 2 of the Lair of Beasts)
 11660 | Lair:2   | Got a brightly glowing whip
 11811 | Lair:2   | Found a staircase to the Snake Pit.
 12408 | Lair:3   | Reached ****** piety under Okawaru
 12636 | Lair:3   | Reached skill level 15 in Maces & Flails
 13090 | Lair:3   | Found a staircase to the Shoals.
 13254 | Lair:3   | Received a gift from Okawaru
 13845 | Lair:4   | Noticed a seven-headed hydra
 13854 | Lair:4   | Killed a seven-headed hydra
 14470 | Lair:5   | Reached XP level 13. HP: 109/110 MP: 17/17
 14694 | Lair:5   | Found a staircase to the Slime Pits.
 14743 | Lair:5   | Received a gift from Okawaru
 15066 | Lair:6   | Entered Level 6 of the Lair of Beasts
 15066 | Lair:6   | Noticed Snorg
 15076 | Lair:6   | Killed Snorg
 15281 | Lair:6   | Noticed tstbtto's ghost (journeyman DDFi)
 15305 | Lair:6   | Killed tstbtto's ghost
 15404 | Lair:6   | Reached skill level 15 in Shields
 16014 | Lair:6   | Received a gift from Okawaru
 16025 | Lair:6   | Got a polished shield {god gift}
 16034 | Lair:6   | Identified the +0 shield of Hopscotch {god gift, rF- MR++ Regen+ SInv} (Okawaru gifted it to you on level 6 of the Lair of Beasts)
 16127 | Lair:6   | Reached skill level 1 in Evocations
 16426 | Lair:6   | Found a runed door.
 16431 | Lair:6   | Noticed a fire dragon
 16438 | Lair:6   | Killed a fire dragon
 16529 | Lair:6   | Reached skill level 10 in Invocations
 16554 | Lair:6   | Reached XP level 14. HP: 81/118 MP: 20/20
 16924 | D:10     | Reached skill level 10 in Fighting
 17653 | D:12     | Found a huge runed gate.
 17654 | D:12     | Found a huge runed gate.
 17654 | D:12     | Found a huge runed gate.
 17656 | D:12     | Found a huge runed gate.
 17776 | D:12     | Received a gift from Okawaru
 18187 | Orc:1    | Entered Level 1 of the Orcish Mines
 18205 | Orc:1    | Noticed Fannar
 18208 | Orc:1    | Noticed Maud
 18210 | Orc:1    | Noticed Harold
 18215 | Orc:1    | Killed Fannar
 18215 | Orc:1    | Reached skill level 11 in Fighting
 18229 | Orc:1    | Killed Maud
 18240 | Orc:1    | Killed Harold
 18329 | Orc:1    | Reached skill level 5 in Evocations
 18392 | Orc:1    | Found a shimmering altar of Xom.
 18618 | Orc:2    | Entered Level 2 of the Orcish Mines
 18904 | Orc:2    | Found Riymauw's Magic Scroll Shoppe.
 18904 | Orc:2    | Found Rycasos's Jewellery Shop.
 18965 | Orc:2    | Reached skill level 12 in Fighting
 19126 | Orc:2    | Bought a scroll of fear for 45 gold pieces
 19126 | Orc:2    | Bought a scroll of teleportation for 39 gold pieces
 19126 | Orc:2    | Bought a scroll of teleportation for 39 gold pieces
 19128 | Orc:2    | Found Teudupa's Food Emporium.
 19129 | Orc:2    | Found Safur's General Store.
 19155 | Orc:2    | Bought the ring "Esoasayn" {rF+ Str+3} for 421 gold pieces
 19189 | Orc:2    | Found a staircase to the Elven Halls.
 19537 | D:12     | Reached XP level 15. HP: 121/131 MP: 21/21
 19572 | D:12     | Received a gift from Okawaru
 19669 | D:12     | Noticed Kirke
 19678 | D:12     | Killed Kirke
 20229 | D:13     | Reached skill level 5 in Dodging
 20283 | D:13     | Found a gate to the Vaults.
 20418 | D:13     | Noticed Erolcha
 20421 | D:13     | Killed Erolcha
 20633 | D:13     | Noticed Urug
 20641 | D:13     | Killed Urug
 20762 | D:13     | Noticed Rupert
 20773 | D:13     | Killed Rupert
 20874 | D:14     | Found a labyrinth entrance.
 20885 | Lab      | Entered a labyrinth
 21902 | D:14     | Noticed Nessos
 21908 | D:14     | Killed Nessos
 22035 | D:15     | Entered Level 15 of the Dungeon
 22059 | D:15     | Received a gift from Okawaru
 22401 | D:15     | Found Piosiddonk's Armour Emporium.
 22433 | D:15     | Bought the +10 shadow dragon armour of Gestures {rElec rPois rF+ Str+2 Stlth++++} for 1925 gold pieces
 22478 | D:15     | Found Gozag's Platinum Reserve.
 22482 | D:15     | Found an opulent altar of Gozag.
 22815 | D:15     | Found a staircase to the Depths.
 23082 | D:15     | Reached skill level 10 in Dodging
 23474 | Snake:1  | Entered Level 1 of the Snake Pit
 23553 | Snake:1  | Received a gift from Okawaru
 23585 | Snake:1  | Reached XP level 16. HP: 91/139 MP: 22/22
 23855 | Snake:1  | Noticed Louise
 23881 | Snake:1  | Killed Louise
 24457 | Snake:2  | Found a frozen archway.
 24482 | IceCv    | Entered an ice cave
 24648 | IceCv    | Noticed an Ice Fiend
 24655 | IceCv    | Killed an Ice Fiend
 24655 | IceCv    | Reached skill level 10 in Evocations
 24911 | Snake:2  | Received a gift from Okawaru
 25768 | Snake:3  | Received a gift from Okawaru
 25787 | Snake:3  | Got a steaming demon whip {god gift}
 25801 | Snake:3  | Identified the +2 demon whip "Poaffel" {god gift, pain, rPois rN++ MR- Int+2} (Okawaru gifted it to you on level 3 of the Snake Pit)
 26571 | Snake:4  | Entered Level 4 of the Snake Pit
 26630 | Snake:4  | Reached XP level 17. HP: 147/148 MP: 24/24
 26966 | Snake:4  | Reached skill level 13 in Fighting
 27011 | Snake:4  | Received a gift from Okawaru
 27333 | Snake:4  | Reached skill level 14 in Fighting
 27419 | Snake:4  | Got a serpentine rune of Zot
 28194 | Orc:2    | Bought an uncursed ring of flight for 192 gold pieces
 28363 | Shoals:1 | Entered Level 1 of the Shoals
 28614 | Shoals:1 | Received a gift from Okawaru
 28655 | Shoals:1 | Received a gift from Okawaru
 28705 | Shoals:1 | Reached skill level 15 in Fighting
 28806 | Shoals:1 | Found Viblye Tiowk's Armour Shop.
 28972 | Shoals:2 | Upgraded the game from 0.19-a0-742-g4563caa to 0.19-a0-749-g66ae36b
 29054 | Shoals:2 | Noticed tstbtto's ghost (adept DDFi)
 29215 | Shoals:2 | Killed tstbtto's ghost
 29382 | Shoals:2 | Reached XP level 18. HP: 163/163 MP: 26/26
 29608 | Shoals:2 | Received a gift from Okawaru
 30060 | Shoals:3 | Reached skill level 16 in Fighting
 30534 | Shoals:4 | Entered Level 4 of the Shoals
 30534 | Shoals:4 | Noticed Ilsuiw
 30552 | Shoals:4 | Killed Ilsuiw
 30811 | Shoals:4 | Noticed WhatIsLove's ghost (journeyman FeEn)
 30818 | Shoals:4 | Killed WhatIsLove's ghost
 30827 | Shoals:4 | Reached skill level 17 in Fighting
 31260 | Shoals:4 | Received a gift from Okawaru
 31641 | Shoals:4 | Got a barnacled rune of Zot
 31964 | Depths:1 | Entered Level 1 of the Depths
 32231 | D:15     | Reached skill level 1 in Throwing
 32254 | Depths:1 | Reached skill level 1 in Stealth
 32294 | Depths:1 | Received a gift from Okawaru
 32347 | Depths:1 | You fall through a shaft!
 32349 | Depths:2 | Found a gateway to Hell.
 32375 | Depths:1 | Reached XP level 19. HP: 178/178 MP: 29/29
 32803 | Elf:1    | Entered Level 1 of the Elven Halls
 32908 | Elf:1    | Reached skill level 5 in Stealth
 33289 | Elf:1    | You fall through a shaft!
 33687 | Elf:2    | Found a runed gate.
 33687 | Elf:2    | Found a runed gate.
 33687 | Elf:2    | Found a runed gate.
 33744 | Elf:2    | Found Eleal's Food Boutique.
 33784 | Elf:2    | Found Quca's Magic Scroll Boutique.
 33831 | Elf:2    | Found Wossegusu's Armour Emporium.
 33835 | Elf:2    | Bought a +1 pair of boots of flying for 297 gold pieces
 33869 | Elf:2    | Bought a scroll of blinking for 120 gold pieces
 33876 | Elf:2    | Found Catsouttouxt's Antique Weapon Emporium.
 33987 | Elf:2    | Got a brightly glowing robe
 33988 | Elf:2    | Identified the cursed +0 robe of Sif Muna {*Confuse rC- Int+4 Dex+5} (You found it on level 2 of the Elven Halls)
 33993 | Elf:2    | Found Bihen's Book Emporium.
 34883 | Elf:3    | Entered Level 3 of the Elven Halls
 34930 | Elf:3    | Reached skill level 18 in Fighting
 35221 | Elf:3    | Received a gift from Okawaru
 35309 | Elf:3    | Noticed a Brimstone Fiend
 35733 | Elf:3    | Reached XP level 20. HP: 189/189 MP: 30/30
 35839 | Elf:3    | Identified the Volume of Attacks and Creation
 35950 | Elf:3    | Received a gift from Okawaru
 36137 | Elf:3    | Reached skill level 15 in Dodging
 36224 | Elf:3    | Identified a scroll of acquirement
 36257 | Elf:3    | Received a gift from Okawaru
 36278 | Elf:3    | Got a crude rapier {antimagic}
 36449 | Elf:3    | Identified the Reference Book on Unstable Talismans (You found it on level 3 of the Elven Halls)
 36451 | Elf:3    | Identified the Handbook of Poison and the Compass (You found it on level 3 of the Elven Halls)
 36469 | Elf:3    | Learned a level 3 spell: Regeneration
 36497 | Elf:3    | Learned a level 4 spell: Cause Fear
 37136 | Lair:1   | Learned a level 2 spell: Blink
 37295 | Depths:1 | Found Atuyh's Blood Bar.
 37906 | Depths:1 | Reached skill level 5 in Throwing
 37976 | Depths:2 | Found a one-way gate leading to the halls of Pandemonium.
 38260 | Depths:2 | Received a gift from Okawaru
 38387 | Depths:2 | Reached skill level 1 in Spellcasting
 38460 | Depths:2 | Reached skill level 1 in Translocations
 38486 | Depths:2 | Noticed a golden dragon
 38631 | Depths:2 | Found a gateway to a ziggurat.
 38852 | Depths:2 | Killed a golden dragon
 38959 | Depths:2 | Noticed a juggernaut
 38976 | Depths:2 | Killed a juggernaut
 38992 | Depths:2 | Reached XP level 21. HP: 189/196 MP: 26/31
 39947 | Depths:3 | Received a gift from Okawaru
 39962 | Depths:3 | Noticed a juggernaut
 39973 | Depths:3 | Killed a juggernaut
 39973 | Depths:3 | Received a gift from Okawaru
 39996 | Depths:3 | Noticed a caustic shrike
 40036 | Depths:3 | Reached skill level 5 in Translocations
 40050 | Depths:3 | Received a gift from Okawaru
 40072 | Depths:3 | Reached skill level 5 in Spellcasting
 40178 | Depths:3 | Identified Bisis's Tome of Mutagenic Summoning
 40180 | Depths:3 | Identified the Grimoire of the Doomed Voyage
 40268 | Depths:3 | Killed a caustic shrike
 40421 | Depths:3 | Found a one-way gate to the infinite horrors of the Abyss.
 40559 | Depths:3 | Identified a +1 pair of boots of running (You found it on level 3 of the Depths)
 41310 | Depths:4 | Received a gift from Okawaru
 41612 | Depths:4 | Reached XP level 22. HP: 172/204 MP: 32/32
 41849 | Depths:4 | Received a gift from Okawaru
 41857 | Depths:4 | Got a warped silver ring
 41868 | Depths:4 | Identified the ring of Springtime {+Inv rC++ MP-9 Dex+2 Stlth+} (You took it off a yaktaur captain on level 4 of the Depths)
 41949 | Depths:4 | Noticed a juggernaut
 41970 | Depths:4 | Killed a juggernaut
 42113 | Depths:4 | Received a gift from Okawaru
 42116 | Depths:4 | Got a flickering ivory ring
 42118 | Depths:4 | Identified the ring of Midsummer {SustAt rElec rC- MR++ Dex+4} (You took it off a deep elf annihilator on level 4 of the Depths)
 42344 | Depths:4 | Reached skill level 15 in Armour
 42348 | Depths:4 | Received a gift from Okawaru
 42630 | Depths:4 | Reached skill level 19 in Fighting
 43009 | Depths:4 | Learned a level 3 spell: Gell's Gravitas
 43045 | Depths:4 | Received a gift from Okawaru
 43167 | Depths:5 | Entered Level 5 of the Depths
 43167 | Depths:5 | Noticed a juggernaut
 43187 | Depths:5 | Killed a juggernaut
 43576 | Depths:5 | Noticed a golden dragon
 43695 | Depths:5 | Noticed a golden dragon
 43695 | Depths:5 | Noticed a golden dragon
 43711 | Depths:5 | Killed a golden dragon
 43718 | Depths:5 | Killed a golden dragon
 43726 | Depths:5 | Reached XP level 23. HP: 154/213 MP: 25/34
 43836 | Depths:5 | Found a runed door.
 43881 | Depths:5 | Found a runed door.
 44117 | Depths:5 | Received a gift from Okawaru
 44165 | Depths:5 | Received a gift from Okawaru
 44175 | Depths:5 | Found a runed door.
 44426 | Depths:5 | Found a runed door.
 44470 | Depths:5 | Found a gate to the Realm of Zot.
 44511 | Depths:5 | Found a runed door.
 44518 | Depths:5 | Found a runed door.
 45259 | Vaults:1 | Entered Level 1 of the Vaults
 45520 | Vaults:1 | Reached skill level 20 in Fighting
 46156 | Vaults:1 | Found Aryw's Distillery.
 46164 | Vaults:1 | Bought a potion of haste for 170 gold pieces
 46893 | Vaults:2 | Received a gift from Okawaru
 47149 | Vaults:2 | Received a gift from Okawaru
 47488 | Vaults:2 | Found a portal to a secret trove of treasure.
 47704 | Vaults:3 | Received a gift from Okawaru
 47863 | Vaults:3 | Received a gift from Okawaru
 47879 | Vaults:3 | Reached XP level 24. HP: 217/225 MP: 25/34
 48140 | Vaults:3 | Gained mutation: You have large cloven feet. [potion of beneficial mutation]
 48176 | Vaults:3 | Found a staircase to the Crypt.
 48251 | Vaults:3 | Noticed Jorgrun
 48258 | Vaults:3 | Killed Jorgrun
 48828 | Vaults:3 | Received a gift from Okawaru
 49085 | Vaults:4 | Received a gift from Okawaru
 49109 | Vaults:4 | Gained mutation: You are clumsy. (Dex -2) [a cacodemon]
 49245 | Vaults:4 | Reached skill level 21 in Fighting
 49255 | Vaults:4 | Found Mas Rumu's Assorted Antiques.
 49300 | Vaults:4 | Found Hotid's Distillery.
 49308 | Vaults:4 | Bought a potion of heal wounds for 95 gold pieces
 49308 | Vaults:4 | Bought a potion of heal wounds for 95 gold pieces
 49675 | Vaults:4 | Reached skill level 10 in Throwing
 49727 | Vaults:4 | Found Uvidabya's Food Shoppe.
 49965 | Vaults:4 | Found Affu's Food Emporium.
 50011 | Vaults:5 | Entered Level 5 of the Vaults
 50441 | Vaults:5 | Received a gift from Okawaru
 50579 | Vaults:5 | Received a gift from Okawaru
 50579 | Vaults:5 | Reached XP level 25. HP: 113/236 MP: 25/34
 51192 | Vaults:5 | Lost mutation: You are clumsy. (Dex -2) [potion of cure mutation]
 51192 | Vaults:5 | Lost mutation: You have large cloven feet. [potion of cure mutation]
 51513 | Vaults:5 | Got a distressingly furry large shield
 51514 | Vaults:5 | Identified the +1 large shield "Vadd" {+Fly Dex+3} (You found it on level 5 of the Vaults)
 51702 | Vaults:5 | Got a silver rune of Zot
 51726 | Vaults:5 | Identified the Disquisition on Flight and Talismans
 51733 | Vaults:5 | Learned a level 5 spell: Silence
 52679 | Temple   | Fell from the grace of Okawaru
 52679 | Temple   | Became a worshipper of the Shining One
 53050 | Crypt:1  | Entered Level 1 of the Crypt
 53067 | Crypt:1  | Reached * piety under the Shining One
 53119 | Crypt:1  | Reached ** piety under the Shining One
 53616 | Crypt:1  | Reached *** piety under the Shining One
 53676 | Crypt:1  | Reached skill level 1 in Charms
 53781 | Crypt:1  | Reached **** piety under the Shining One
 54150 | Crypt:2  | Reached ***** piety under the Shining One
 54540 | Crypt:2  | Reached ****** piety under the Shining One
 54922 | Crypt:3  | Entered Level 3 of the Crypt
 55217 | Crypt:3  | Found an ancient bone altar of Kikubaaqudgha.
 55275 | Crypt:3  | Reached skill level 5 in Charms
 55375 | Crypt:3  | Reached XP level 26. HP: 230/246 MP: 25/34
 55541 | Crypt:3  | Found a staircase to the Tomb.
 55541 | Crypt:3  | Noticed Jory
 55566 | Crypt:3  | Killed Jory
 55616 | Crypt:3  | Identified the Tome of the Unstable Frostbite (You found it on level 3 of the Crypt)
 55899 | Crypt:3  | Identified a +9 rod of clouds (10/10) (You found it on level 3 of the Crypt)
 56026 | Crypt:3  | Identified the Collected Works on Flying Transmutation (You found it on level 3 of the Crypt)
 57337 | Vaults:2 | You fall through a shaft!
 57446 | Vaults:2 | You paid a toll of a +2 shadow dragon armour to enter a treasure trove
 57447 | Trove    | Entered a treasure trove
 57504 | Trove    | Got a smoking morningstar
 57505 | Trove    | Identified the +1 morningstar of Kiukur Xeefu {freeze, +Inv rElec Dex+3} (You found it in a treasure trove)
 57835 | D:10     | Was forgiven by Okawaru
 58326 | Lair:1   | Identified a +7 eveningstar of holy wrath {god gift} (a +5 eveningstar of protection {god gift} blessed by the Shining One)
 58326 | Lair:1   | Received a gift from the Shining One
 58435 | Slime:1  | Entered Level 1 of the Pits of Slime
 58448 | Slime:1  | Gained mutation: You occasionally shout uncontrollably at your foes. [a shining eye]
 58456 | Slime:1  | Gained mutation: You have large cloven feet. [a shining eye]
 58462 | Slime:1  | Gained mutation: You are weak. (Str -2) [a shining eye]
 58510 | Slime:2  | Gained mutation: You are dopey. (Int -2) [a shining eye]
 58523 | Slime:1  | Gained mutation: Armour fits poorly on your strangely shaped body. [a shining eye]
 58540 | Slime:1  | Gained mutation: Your spells are a little easier to cast, but a little less powerful. [a shining eye]
 59056 | Vaults:1 | You fall through a shaft!
 59156 | Vaults:1 | Bought a potion of cure mutation for 425 gold pieces
 59156 | Vaults:1 | Lost mutation: You are dopey. (Int -2) [potion of cure mutation]
 59156 | Vaults:1 | Lost mutation: You occasionally shout uncontrollably at your foes. [potion of cure mutation]
 59156 | Vaults:1 | Lost mutation: Your spells are a little easier to cast, but a little less powerful. [potion of cure mutation]
 59156 | Vaults:1 | Lost mutation: You are weak. (Str -2) [potion of cure mutation]
 59156 | Vaults:1 | Lost mutation: Armour fits poorly on your strangely shaped body. [potion of cure mutation]
 59156 | Vaults:1 | Lost mutation: You have large cloven feet. [potion of cure mutation]
 59382 | Zig:1    | Entered Level 1 of a ziggurat
 59382 | Zig:1    | Noticed Dotux the pandemonium lord
 59391 | Zig:1    | Killed Dotux the pandemonium lord
 59412 | Zig:2    | Entered Level 2 of a ziggurat
 59433 | Zig:3    | Entered Level 3 of a ziggurat
 59452 | Zig:4    | Entered Level 4 of a ziggurat
 59489 | Zig:4    | Identified the Tome of Curses
 59496 | Zig:5    | Entered Level 5 of a ziggurat
 59551 | Zig:5    | Reached XP level 27. HP: 248/254 MP: 26/35
 59555 | Zig:5    | Got a sapphire greatsling
 59569 | Zig:6    | Entered Level 6 of a ziggurat
 59652 | Zig:7    | Entered Level 7 of a ziggurat
 59684 | Zig:7    | Reached skill level 10 in Charms
 59706 | Zig:7    | Got a silken robe
 59712 | Zig:7    | Got a bound amber ring
 59727 | Zig:8    | Entered Level 8 of a ziggurat
 59787 | Zig:8    | Identified the Incunabulum of Flamy Orientation
 59808 | Zig:8    | Identified the ring "Quclac" {+Blink rF+ rC+ Int+5} (You found it on level 7 of a ziggurat)
 59872 | Zig:9    | Entered Level 9 of a ziggurat
 59885 | Zig:9    | Paralysed by accursed screaming for 1 turns
 59892 | Zig:9    | Paralysed by accursed screaming for 2 turns
 59902 | Zig:9    | Paralysed by accursed screaming for 2 turns
 60127 | Zig:10   | Entered Level 10 of a ziggurat
 60132 | Zig:10   | Noticed a juggernaut
 60136 | Zig:10   | Noticed a juggernaut
 60151 | Zig:10   | Killed a juggernaut
 60184 | Zig:10   | Reached skill level 10 in Spellcasting
 60188 | Zig:10   | Killed a juggernaut
 60249 | Zig:10   | Identified the Compendium of Creative Sinister Rituals
 60255 | Zig:10   | Identified the Grimoire of Creative Heat
 60338 | Hell     | Entered the Vestibule of Hell
 60338 | Hell     | Noticed Geryon
 60354 | Hell     | Killed Geryon
 60354 | Hell     | Reached skill level 22 in Fighting
 60422 | Hell     | Found a gateway to the decaying netherworld of Tartarus.
 60617 | Hell     | Found a gateway to the freezing wastes of Cocytus.
 60680 | Hell     | Found a gateway to the ashen valley of Gehenna.
 60730 | Hell     | Found a gateway to the Iron City of Dis.
 60800 | Dis:1    | Entered Level 1 of the Iron City of Dis
 61736 | Dis:7    | Entered Level 7 of the Iron City of Dis
 61923 | Dis:7    | Gained mutation: You are dopey. (Int -2) [a neqoxec]
 62412 | Dis:7    | The Shining One protects you from harm!
 62652 | Dis:7    | Killed from afar by an iron giant

Vault maps used:
D:1:      tarquinn_simple_flora_water_d, nrook_loot_triangle,
          kennysheep_decorative_pillar, dk_noncrumbling_2
D:3:      nicolae_overflow_crystal_walls, nicolae_overflow_hidden_temple,
          cheibriados_altar_wand_db
D:4:      kennysheep_mini_moat, lemuel_crystal_altar, portal_sewer_entry_a,
          first_bread, uniq_pikel
D:5:      grunt_qazlal_sundering, uniq_blork_the_orc
D:7:      marbit_many_paths, kennysheep_little_box, tgw_trog, enter_bailey_3
D:8:      uniq_psyche, uniq_erica, uniq_maurice
D:9:      lemuel_coloured_pillars_altar, lemuel_crystal_altar,
          lemuel_blue_sif_altar, erik_lair_orcish_takeover, erik_orc_1,
          basic_altar, serial_shops, shop, shop, nicolae_shop_waterfront, shop,
          kennysheep_mini, nicolae_dithmenos_through_a_glass_darkly
D:10:     cheibrodos_stairvault_heist, serial_curves, eino_curves_03,
          eino_curves_02, minivault_19
D:11:     boulder_corridor_run, serial_column_ruins, column_ruins_temple_hut,
          column_ruins_hut, column_ruins_grid_1, column_ruins_open_small,
          column_ruins_open_small, column_ruins_open_medium,
          column_ruins_corridor_corner
D:12:     lemuel_bear_cage, hangedman_fish_farm, hangedman_decor_slide_cut,
          uniq_kirke
D:13:     hangedman_vaults_entry_quadrant_bands, serial_ice, serial_ice_o,
          serial_ice_g, serial_ice_i, serial_ice_m, grunt_ministairs_2,
          uniq_rupert, uniq_urug, uniq_erolcha
D:14:     lab_entry_generic, hangedman_decor_growths, uniq_nessos
D:15:     grunt_enter_depths_hoard, serial_shops, shop,
          nicolae_gozag_zags_fifth_avenue
Temple:   zaba_magenta_temple
Lair:1:   serial_bayou_shore_b
Lair:2:   minmay_snake_entry_guardpost_small, grunt_megastairs_5
Lair:3:   elwin_shoals_entry_rooms, infiniplex_staircase_pool, lemuel_fruit_tree
Lair:4:   statuecave_lemuel, infiniplex_staircase_pool_2
Lair:5:   minmay_slime_entry_pillars
Lair:6:   hangedman_lair_in_review, wormcave, uniq_snorg
Shoals:1: serial_shops, shop
Shoals:4: shoals_end_grunt_ice, shoals_ilsuiw_ice
Snake:1:  special_room, hangedman_snake_corridor_split, grunt_megastairs_1,
          uniq_louise
Snake:2:  portal_ice_cave_entry_pillars_three
Snake:4:  snake_pit_salamanders_mu
Orc:1:    basic_altar, uniq_maud, uniq_fannar, uniq_harold
Orc:2:    st_orc_open
Elf:1:    elf_arrival_002, orc_legates
Elf:2:    serial_shops, shop, nicolae_shop_waterfront,
          nicolae_shop_behind_doors, shop_fountains, shop, nrook_uturn
Elf:3:    minmay_elf_hall_curves, spider_trap, small_chamber_with_monster,
          minmay_elf_sorcery
Vaults:1: grunt_vaults_diagonal, ontoclasm_vaults_loading_screen,
          ontoclasm_vaults_ring_square, ontoclasm_vaults_ring_square,
          vaults_dpeg_encased_lava, serial_shops, nicolae_shop_crystal
Vaults:2: v_misc_26, vaults_standard_mumra_lines,
          nicolae_vaults_little_squares_6, v_misc_19, vaults_dpeg_spiral,
          v_misc_4, vaults_room_pools, vaults_mumra_hex, vaults_room_door_hall,
          vaults_mumra_bighexcomb, nicolae_vaults_little_squares_1,
          vaults_mumra_minichess_inversion, nicolae_trove_entry_diagonal
Vaults:3: nicolae_vaults_triangles, ontoclasm_vaults_fault, vaults_room_hallway,
          minmay_crypt_entry_simple_statues, v_alt_pattern_1,
          vaults_room_stairs_pillars, v_alt_pattern_6, nicolae_vaults_theta,
          v_misc_11, hangedman_vaults_trim, v_rooms_4,
          nicolae_vaults_circle_grid_b, nicolae_vaults_rhombus_5,
          vaults_room_grunt_arrival_ludios, vaults_room_door_ring, uniq_jorgrun
Vaults:4: v_misc_29, nicolae_vaults_twisting_passages,
          ontoclasm_vaults_ligature, nicolae_vaults_meeting,
          ontoclasm_vaults_eye, nicolae_vaults_sealed_display,
          hangedman_vaults_corner_blocks, ontoclasm_vaults_idyll, serial_shops,
          nicolae_shop_crystal, shop, shop_fountains, nicolae_shop_trees
Vaults:5: serial_shops
Crypt:1:  minmay_misc_feat_pillars, grunt_megastairs_2
Crypt:2:  lemuel_elevator
Crypt:3:  grunt_crypt_end_deaths_head
Depths:1: grunt_mini_vestibule, serial_sigils_hangedman_gut, guppyfry_shop_blood
Depths:2: thingy_vault, enter_ziggurat_d, pan_entry, hell_entry,
          serial_sigils_hangedman_stare, serial_shops, bzr_entry_safe,
          grunt_decor_cap, infiniplex_staircase_spiral
Depths:3: minmay_tile_spiral, abyss_entry_small_statue_room, hellmouth_1,
          grunt_pan_entry_spiral, minmay_crystal_room, hangedman_decor_lopped,
          minmay_strange_pillars
Depths:4: hangedman_pleasuredromes, pan_entry, hell_entry, abyss_entry
Depths:5: evilmike_zot_entry_castle, hangedman_coc_ice_floe, mu_enter_wizlab_2,
          hex_medium
Dis:1:    hangedman_dis_decor_blocks_talon
Dis:6:    grunt_megastairs_4
Dis:7:    dis_grunt_layers
Zig:7:    ziggurat_pillar_centre_dead_trees
Zig:8:    ziggurat_loot_2
Zig:10:   ziggurat_pillar_centre_c
Lab:      labyrinth_spiral, labyrinth_skeletal_remains
Trove:    trove_weapons_four_rooms
IceCv:    ice_cave_tombish

Skill      XL: |  1  2  3  4  5  6  7  8  9 10 11 12 13 14 15 16 17 18 19 20 21 22 23 24 25 26 27 |
---------------+----------------------------------------------------------------------------------+-----
Maces & Flails | 3 4 5 7 10 12 13 14 15 16 17 19 20 21 | 21.5
Dodging        | 1 10 14 15 16 17 18 19 | 19.5
Shields        | 4 5 7 8 9 11 13 15 16 17 18 | 18.2
Armour         | 4 5 7 8 9 10 13 14 15 17 18 19 20 | 20.0
Fighting       | 4 5 6 9 12 15 17 18 19 20 21 22 | 22.7
Invocations    | 1 4 6 10 12 | 12.3
Evocations     | 2 6 9 11 13 14 | 14.7
Throwing       | 1 7 8 10 11 12 | 12.7
Stealth        | 3 9 |  9.0
Spellcasting   | 2 7 8 9 10 | 10.1
Translocations | 3 7 8 |  8.5
Charms         | 5 9 10 | 10.9

Action                   |  1- 3 |  4- 6 |  7- 9 | 10-12 | 13-15 | 16-18 | 19-21 | 22-24 | 25-27 || total
-------------------------+-------+-------+-------+-------+-------+-------+-------+-------+-------++-------
Melee: Flail             |    82 |    91 |   363 |   580 |       |       |       |       |       ||  1116
       Headbutt          |    12 |    22 |    60 |   169 |   298 |   433 |   465 |   647 |   927 ||  3033
       Unarmed           |       |     3 |       |       |       |       |       |       |       ||     3
       Eveningstar       |       |       |       |   243 |  1255 |  1459 |  1476 |  1760 |  2427 ||  8620
       Demon whip        |       |       |       |       |       |   128 |       |       |       ||   128
Throw: Throwing net      |       |       |       |       |     2 |       |       |       |       ||     2
       Javelin           |       |       |       |       |       |       |     1 |       |     2 ||     3
Invok: Heroism           |       |       |     1 |     2 |     6 |     5 |    11 |     3 |       ||    28
       Finesse           |       |       |       |     1 |     6 |     2 |     6 |       |       ||    15
       Divine Shield     |       |       |       |       |       |       |       |       |     4 ||     4
       Summon Divine War |       |       |       |       |       |       |       |       |     5 ||     5
       Brand Weapon With |       |       |       |       |       |       |       |       |     1 ||     1
 Abil: Evoke Flight      |       |       |       |       |       |    22 |       |       |       ||    22
       Evoke Blink       |       |       |       |       |       |       |       |       |     2 ||     2
Evoke: Wand              |       |       |     2 |     1 |     2 |       |     5 |     3 |     1 ||    14
       Sack of spiders   |       |       |       |       |       |       |     2 |       |       ||     2
       Phantom mirror    |       |       |       |       |       |       |     1 |       |     2 ||     3
       Disc of storms    |       |       |       |       |       |       |     1 |     7 |       ||     8
       Phial of floods   |       |       |       |       |       |       |       |       |     3 ||     3
  Use: Scroll            |       |     1 |    16 |    16 |     9 |    11 |    16 |    10 |    18 ||    97
       Potion            |       |     1 |       |     1 |     2 |       |       |     3 |    14 ||    21
 Stab: Held in net/web   |       |       |       |       |     2 |       |       |       |     2 ||     4
       Distracted        |       |       |       |       |     2 |     6 |     5 |     9 |     4 ||    26
       Sleeping          |       |       |       |       |       |     9 |    24 |    22 |     6 ||    61
  Eat: Chunk             |       |     5 |    12 |    22 |    21 |    15 |    21 |    24 |    11 ||   131
       Fruit             |       |       |     1 |     4 |       |     9 |     5 |     3 |    12 ||    34
       Royal jelly       |       |       |       |     1 |     1 |       |       |       |       ||     2
       Pizza             |       |       |       |       |     5 |     2 |     3 |     1 |     1 ||    12
       Meat ration       |       |       |       |       |       |     2 |       |       |     3 ||     5
       Beef jerky        |       |       |       |       |       |       |       |     1 |     4 ||     5
Armor: Scale mail        |    35 |    23 |       |       |   229 |       |       |       |       ||   287
       Ring mail         |       |    12 |    76 |       |       |       |       |       |       ||    88
       Plate armour      |       |       |    12 |   260 |    51 |       |       |       |       ||   323
       Shadow dragon arm |       |       |       |       |    25 |   464 |   316 |   454 |   586 ||  1845
       Gold dragon armou |       |       |       |       |       |       |       |     1 |       ||     1
Dodge: Dodged            |    27 |    20 |    80 |   141 |   301 |   592 |   427 |   739 |   952 ||  3279
Block: Shield            |    49 |    38 |   195 |   545 |  1124 |  1875 |  1237 |  1908 |  2414 ||  9385
       Reflection        |       |       |       |     7 |    76 |   172 |    97 |   134 |    90 ||   576
